Map: Catalyst LE

Players

BobbyAwesome - Winner!

  • Race: Protoss Protoss
  • League: Diamond
  • Spawn Location: 5:00

olddriver

  • Race: Terran Terran
  • League: Diamond
  • Spawn Location: 11:00

VOD

Have the link to the VOD?

Description

Time

  • Played on: May 18, 2018, 2:40 a.m.
  • Length: 6:41
Show
View Real Time Build Order
Export as new Build Order

BobbyAwesome Protoss - Winner!

Build Orders:  

Get SALT Encoding   

  12  0:01  Probe  
  13  0:14  Pylon  
  13  0:20  Assimilator  
  13  0:32  Probe  
  13  0:33  Gateway  
  13  0:40  Probe  
  15  0:50  Probe  
  16  1:02  Probe  
  17  1:05  Gateway  
  17  1:14  Probe  
  18  1:20  Cybernetics Core  
  18  1:25  Zealot  
  20  1:29  Probe  
  21  1:42  Pylon, Probe  
  22  1:51  Stalker  
  22  1:52  Stalker  
  26  2:01  Warp Gate  
  26  2:09  Assimilator  
  26  2:10  Probe  
  27  2:20  Zealot x2  
  31  2:39  Twilight Council  
  31  3:04  Charge  
  31  3:09  Gateway  
  31  3:13  Pylon x2  
  31  3:31  Zealot x2, Probe  
  36  3:43  Probe  
  37  3:55  Pylon  
  37  4:03  Robotics Facility  
  37  4:17  Pylon  
  37  4:19  Stalker x2  
  41  4:26  Gateway  
  31  4:54  Zealot x2, Warp Prism  
  31  4:59  Shield Battery  
  37  5:07  Zealot  
  39  5:19  Zealot x2  
  43  5:47  Zealot x4  
  51  5:52  Pylon  
  51  6:14  Zealot x4  
Show
View Real Time Build Order
Export as new Build Order

olddriver Terran 

Build Orders:  

Get SALT Encoding   

  12  0:00  SCV  
  13  0:13  SCV  
  14  0:18  Supply Depot  
  14  0:25  SCV  
  15  0:39  SCV  
  15  0:41  Barracks  
  16  0:47  Refinery  
  16  0:51  SCV  
  17  1:05  Barracks  
  17  1:13  SCV  
  18  1:28  Marine  
  18  1:30  Orbital Command  
  19  1:43  Barracks  
  19  1:47  Barracks Tech Lab  
  19  1:55  Barracks Tech Lab  
  19  1:59  SCV  
  20  2:11  Supply Depot  
  20  2:13  Marauder  
  22  2:17  Concussive Shells  
  22  2:20  SCV  
  23  2:30  Barracks Tech Lab  
  23  2:34  Marauder  
  25  2:39  Marauder  
  25  2:43  SCV  
  28  2:56  Marauder  
  28  3:05  Marauder  
  28  3:09  SCV  
  29  3:14  Marauder  
  29  3:17  Supply Depot  
  31  3:29  Supply Depot  
  31  3:38  Marauder x2  
  30  3:56  SCV  
  30  3:59  Reaper  
  30  4:00  Marauder  
  32  4:10  Marauder  
  32  4:12  SCV  
  35  4:22  Command Center  
  31  4:46  Marauder  
  31  4:50  Marauder  
  29  4:53  SCV  
  30  5:04  Bunker  
  28  5:08  Marauder  
  28  5:09  Command Center  
  28  5:10  Factory  
  29  5:22  SCV  
  29  5:24  Marauder  
  31  5:36  SCV  
  30  5:45  Marauder  
  30  5:48  SCV  
  31  5:50  Barracks  
  31  5:56  Cyclone, Refinery  
  34  6:00  SCV  
  33  6:12  SCV  
Tags
 
Add a new tag
Caveats
  • Supply blocks, unpowered buildings, or Contaminate may cause inaccurate times.
  • Supply counts are checked every 10 seconds.